SAAA
PHOENIX HOTSPUR RESERVES @ PURE MICHIGAN GREAT LAKERS
07/04/2024
 
TOP OF THE 1ST
Phoenix Hotspur Reserves batting - Pitching for Pure Michigan Great Lakers : RHP José Juárez
Pitching: RHP José Juárez
Batting: RHB David Rivas 0-0: Called Strike
0-1: Foul Ball, location: 2F
0-2: Ball
1-2: Ball
2-2: Ball
3-2: SINGLE (Line Drive, 56)
Batting: LHB Joaquín Rangel 0-0: Ball
1-0: Ball
2-0: Ball
3-0: Called Strike
3-1: Foul Ball, location: 2F
3-2: Foul Ball, location: 2F
3-2: Base on Balls
David Rivas to second
Batting: RHB Shohei Kiyomizu 0-0: Grounds into double play, 4-6-3 (Groundball, 4)
David Rivas to third
Batting: RHB Satoshi Terada 0-0: Swinging Strike
0-1: SINGLE (Flyball, 89S)
David Rivas scores
Batting: RHB Al Thomas 0-0: Called Strike
0-1: Ball
1-1: Ball
2-1: Swinging Strike
2-2: Strikes out swinging
Top of the 1st over - 1 run(s), 2 hit(s), 0 error(s), 1 left on base; Phoenix 1 - Pure Michigan 0
BOTTOM OF THE 1ST
Pure Michigan Great Lakers batting - Pitching for Phoenix Hotspur Reserves : LHP Doug Ferguson
Pitching: LHP Doug Ferguson
Batting: RHB Bartolo Benítez 0-0: SINGLE (Groundball, 34D)
Batting: LHB Sean Angwin 0-0: Ball
1-0: Called Strike
1-1: Called Strike
1-2: Foul Ball, location: 2F
1-2: Strikes out swinging
Batting: RHB Lonnie Conrad 0-0: Ball
1-0: SINGLE (Groundball, 6)
Bartolo Benítez to second
Batting: LHB Mario Cruz 0-0: Ball
1-0: Fly out, F4 (Popup, 4)
Batting: RHB Javier Rivera 0-0: Foul Ball, location: 2F
Balk!
Bartolo Benítez to third
Lonnie Conrad to second
0-1: Fly out, F3 (Popup, 3F)
Bottom of the 1st over - 0 run(s), 2 hit(s), 0 error(s), 2 left on base; Phoenix 1 - Pure Michigan 0
TOP OF THE 2ND
Phoenix Hotspur Reserves batting - Pitching for Pure Michigan Great Lakers : RHP José Juárez
Batting: RHB Júlio Mateo 0-0: Fly out, F7 (Flyball, 7S)
Batting: LHB Clark Espinosa 0-0: Ball
1-0: Ball
2-0: Fly out, F6 (Popup, 6D)
Batting: RHB Jesús Álvarez 0-0: Called Strike
0-1: Fly out, F4 (Popup, 4MD)
Top of the 2nd over - 0 run(s), 0 hit(s), 0 error(s), 0 left on base; Phoenix 1 - Pure Michigan 0
BOTTOM OF THE 2ND
Pure Michigan Great Lakers batting - Pitching for Phoenix Hotspur Reserves : LHP Doug Ferguson
Batting: RHB Pablo León 0-0: Ball
1-0: Fly out, F4 (Popup, 4D)
Batting: SHB Mike Barton 0-0: SINGLE (Line Drive, 56)
Batting: RHB Bill Childers 0-0: Foul Ball, location: 2F
0-1: Fly out, F4 (Popup, 34S)
Batting: RHB Jim Unknown 0-0: Called Strike
0-1: Ground out 4-3 (Groundball, 4)
Bottom of the 2nd over - 0 run(s), 1 hit(s), 0 error(s), 1 left on base; Phoenix 1 - Pure Michigan 0
TOP OF THE 3RD
Phoenix Hotspur Reserves batting - Pitching for Pure Michigan Great Lakers : RHP José Juárez
Batting: RHB Ben Anderson 0-0: Ball
1-0: Ground out 5-3 (Groundball, 5S)
Batting: RHB David Rivas 0-0: Ball
1-0: Ball
2-0: Ball
3-0: Base on Balls
Batting: LHB Joaquín Rangel 0-0: Ball
1-0: Ball
David Rivas steals 2nd base
2-0: Ball
3-0: Called Strike
3-1: Foul Ball, location: 2F
3-2: SINGLE (Flyball, 5D)
David Rivas to third
Runner from 3rd tries for Home, SAFE, no throw or cutoff
Batting: RHB Shohei Kiyomizu 0-0: Foul Ball, location: 2F
0-1: Ball
1-1: Reached on error, E6 (Groundball, 6)
Joaquín Rangel to second
Batting: RHB Satoshi Terada 0-0: Called Strike
0-1: Ball
1-1: Fly out, F7 (Flyball, 78M)
Batting: RHB Al Thomas 0-0: Called Strike
0-1: Fielders Choice at 2nd, U4 (Groundball, 4M)
Top of the 3rd over - 1 run(s), 1 hit(s), 1 error(s), 2 left on base; Phoenix 2 - Pure Michigan 0
BOTTOM OF THE 3RD
Pure Michigan Great Lakers batting - Pitching for Phoenix Hotspur Reserves : LHP Doug Ferguson
Batting: RHB Bartolo Benítez 0-0: Ground out 5-3 (Groundball, 5L)
Batting: LHB Sean Angwin 0-0: Fly out, F9 (Flyball, 89S)
Batting: RHB Lonnie Conrad 0-0: Ball
1-0: SINGLE (Groundball, 34D)
Batting: LHB Mario Cruz 0-0: Called Strike
0-1: 2-RUN HOME RUN (Flyball, 9LD), Distance : 341 ft
Batting: RHB Javier Rivera 0-0: Called Strike
0-1: Ground out 5-3 (Groundball, 5)
Bottom of the 3rd over - 2 run(s), 2 hit(s), 0 error(s), 0 left on base; Phoenix 2 - Pure Michigan 2
TOP OF THE 4TH
Phoenix Hotspur Reserves batting - Pitching for Pure Michigan Great Lakers : RHP José Juárez
Batting: RHB Júlio Mateo 0-0: Ball
1-0: Foul Ball, location: 2F
1-1: Ground out 4-3 (Groundball, 4)
Batting: LHB Clark Espinosa 0-0: Fly out, F6 (Popup, 6MD)
Batting: RHB Jesús Álvarez 0-0: Called Strike
0-1: Ball
1-1: Ball
2-1: Fly out, F9 (Flyball, 9D)
Top of the 4th over - 0 run(s), 0 hit(s), 0 error(s), 0 left on base; Phoenix 2 - Pure Michigan 2
BOTTOM OF THE 4TH
Pure Michigan Great Lakers batting - Pitching for Phoenix Hotspur Reserves : LHP Doug Ferguson
Batting: RHB Pablo León 0-0: Ball
1-0: Ball
2-0: Called Strike
2-1: Ground out 6-3 (Groundball, 6M)
Batting: SHB Mike Barton 0-0: Fly out, F4 (Popup, 4D)
Batting: RHB Bill Childers 0-0: Called Strike
0-1: Fly out, F5 (Popup, 5S)
Bottom of the 4th over - 0 run(s), 0 hit(s), 0 error(s), 0 left on base; Phoenix 2 - Pure Michigan 2
TOP OF THE 5TH
Phoenix Hotspur Reserves batting - Pitching for Pure Michigan Great Lakers : RHP José Juárez
Batting: RHB Ben Anderson 0-0: Ball
1-0: Foul Ball, location: 2F
1-1: Ball
2-1: Swinging Strike
2-2: Ball
3-2: Base on Balls
Batting: RHB David Rivas 0-0: Called Strike
0-1: Ball
1-1: Ball
2-1: Ball
3-1: Bunted foul
3-2: SINGLE (Line Drive, 34)
Ben Anderson to second
Batting: LHB Joaquín Rangel 0-0: Foul Ball, location: 2F
0-1: Ball
1-1: Ball
2-1: Foul Ball, location: 2F
2-2: Foul Ball, location: 2F
2-2: Ball
3-2: TRIPLE (Flyball, 89D)
Ben Anderson scores
David Rivas scores
Batting: RHB Shohei Kiyomizu 0-0: Ball
Wild Pitch!
Joaquín Rangel scores
1-0: Ground out 6-3 (Groundball, 6M)
Batting: RHB Satoshi Terada 0-0: Ball
1-0: Ball
2-0: Foul Ball, location: 2F
2-1: Foul Ball, location: 2F
2-2: Foul Ball, location: 2F
2-2: Ball
3-2: Foul Ball, location: 2F
3-2: SINGLE (Line Drive, 7S)
Batting: RHB Al Thomas 0-0: Called Strike
0-1: Grounds into double play, 2-4-3 (Groundball, 2R)
Top of the 5th over - 3 run(s), 3 hit(s), 0 error(s), 0 left on base; Phoenix 5 - Pure Michigan 2
BOTTOM OF THE 5TH
Pure Michigan Great Lakers batting - Pitching for Phoenix Hotspur Reserves : LHP Doug Ferguson
Batting: RHB Jim Unknown 0-0: Ball
1-0: Ball
2-0: SINGLE (Line Drive, 8RS)
Batting: RHB Bartolo Benítez 0-0: Called Strike
0-1: Bunted foul
0-2: Foul Ball, location: 2F
0-2: Ball
1-2: Fly out, F8 (Line Drive, 8LM)
Batting: LHB Sean Angwin 0-0: Called Strike
0-1: Fly out, F8 (Flyball, 8LM)
Batting: RHB Lonnie Conrad 0-0: Called Strike
0-1: Foul Ball, location: 2F
0-2: Ball
1-2: Ground out 6-3 (Groundball, 6)
Bottom of the 5th over - 0 run(s), 1 hit(s), 0 error(s), 1 left on base; Phoenix 5 - Pure Michigan 2
TOP OF THE 6TH
Phoenix Hotspur Reserves batting - Pitching for Pure Michigan Great Lakers : RHP José Juárez
Batting: RHB Júlio Mateo 0-0: Ball
1-0: Foul Ball, location: 2F
1-1: Ball
2-1: Called Strike
2-2: Foul Ball, location: 2F
2-2: SINGLE (Line Drive, 89S)
Batting: LHB Clark Espinosa 0-0: Bunted foul
0-1: Bunted foul
0-2: Strikes out swinging
Batting: RHB Jesús Álvarez 0-0: Ball
1-0: Foul Ball, location: 2F
1-1: Foul Ball, location: 2F
1-2: Strikes out swinging
Batting: RHB Ben Anderson 0-0: Ball
1-0: Foul Ball, location: 2F
1-1: Swinging Strike
1-2: Strikes out swinging
Top of the 6th over - 0 run(s), 1 hit(s), 0 error(s), 1 left on base; Phoenix 5 - Pure Michigan 2
BOTTOM OF THE 6TH
Pure Michigan Great Lakers batting - Pitching for Phoenix Hotspur Reserves : LHP Doug Ferguson
Batting: LHB Mario Cruz 0-0: Called Strike
0-1: Ball
1-1: Foul Ball, location: 2F
1-2: Ball
2-2: Ball
3-2: Foul Ball, location: 2F
3-2: Fly out, F6 (Popup, 6M)
Batting: RHB Javier Rivera 0-0: Ground out 5-3 (Groundball, 56)
Batting: RHB Pablo León 0-0: Ball
1-0: Ball
2-0: Foul Ball, location: 2F
2-1: Called Strike
2-2: Strikes out swinging
Bottom of the 6th over - 0 run(s), 0 hit(s), 0 error(s), 0 left on base; Phoenix 5 - Pure Michigan 2
TOP OF THE 7TH
Phoenix Hotspur Reserves batting - Pitching for Pure Michigan Great Lakers : RHP José Juárez
Batting: RHB David Rivas 0-0: Ball
1-0: Called Strike
1-1: Foul Ball, location: 2F
1-2: Ball
2-2: SINGLE (Groundball, 4D)
Batting: LHB Joaquín Rangel 0-0: Ball
David Rivas is caught stealing 2nd base
1-0: Foul Ball, location: 2F
1-1: Foul Ball, location: 2F
1-2: SINGLE (Line Drive, 8RS)
Batting: RHB Shohei Kiyomizu 0-0: Fly out, F8 (Flyball, 8RM)
Batting: RHB Satoshi Terada 0-0: Called Strike
0-1: Ball
1-1: Ball
2-1: Ball
3-1: DOUBLE (Groundball, 5L)
Joaquín Rangel to third
Runner from 3rd tries for Home, SAFE, no throw or cutoff
Batting: RHB Al Thomas 0-0: Ball
1-0: Called Strike
1-1: Ball
2-1: Foul Ball, location: 2F
2-2: Ball
3-2: Ground out 4-3 (Groundball, 4)
Top of the 7th over - 1 run(s), 3 hit(s), 0 error(s), 1 left on base; Phoenix 6 - Pure Michigan 2
BOTTOM OF THE 7TH
Pure Michigan Great Lakers batting - Pitching for Phoenix Hotspur Reserves : LHP Doug Ferguson
Batting: SHB Mike Barton 0-0: Foul Ball, location: 2F
0-1: Called Strike
0-2: Ball
1-2: Ball
2-2: Ball
3-2: Foul Ball, location: 2F
3-2: Base on Balls
Batting: RHB Bill Childers 0-0: Swinging Strike
0-1: Fly out, F8 (Flyball, 8RM)
Batting: RHB Jim Unknown 0-0: Fly out, F3 (Popup, 3SF)
Batting: RHB Bartolo Benítez 0-0: Called Strike
0-1: Ground out 3-1 (Groundball, 34)
Bottom of the 7th over - 0 run(s), 0 hit(s), 0 error(s), 1 left on base; Phoenix 6 - Pure Michigan 2
TOP OF THE 8TH
Phoenix Hotspur Reserves batting - Pitching for Pure Michigan Great Lakers : RHP José Juárez
Pitching: RHP Juan Villanueva
Batting: RHB Júlio Mateo 0-0: Called Strike
0-1: Foul Ball, location: 2F
0-2: Ball
1-2: Foul Ball, location: 2F
1-2: Strikes out looking
Batting: LHB Clark Espinosa 0-0: Ball
1-0: Called Strike
1-1: DOUBLE (Line Drive, 3L)
Batting: RHB Jesús Álvarez 0-0: Called Strike
0-1: Ground out 6-3 (Groundball, 6)
Batting: RHB Ben Anderson 0-0: Called Strike
0-1: Called Strike
0-2: SINGLE (Groundball, 56D)
Clark Espinosa to third
Runner from 3rd tries for Home, SAFE, no throw or cutoff
Batting: RHB David Rivas 0-0: SINGLE (Line Drive, 89S)
Ben Anderson to second
Batting: LHB Joaquín Rangel 0-0: Ball
1-0: Swinging Strike
1-1: Called Strike
1-2: Foul Ball, location: 2F
1-2: Strikes out swinging
Top of the 8th over - 1 run(s), 3 hit(s), 0 error(s), 2 left on base; Phoenix 7 - Pure Michigan 2
BOTTOM OF THE 8TH
Pure Michigan Great Lakers batting - Pitching for Phoenix Hotspur Reserves : LHP Doug Ferguson
Batting: LHB Sean Angwin 0-0: Ball
1-0: Ball
2-0: Called Strike
2-1: Foul Ball, location: 2F
2-2: Foul Ball, location: 2F
2-2: Foul Ball, location: 2F
2-2: DOUBLE (Groundball, 3D)
Batting: RHB Lonnie Conrad 0-0: Fly out, F9 (Flyball, 9S)
Batting: LHB Mario Cruz 0-0: Foul Ball, location: 2F
0-1: Foul Ball, location: 2F
0-2: Ground out 4-3 (Groundball, 4)
Sean Angwin to third
Batting: RHB Javier Rivera 0-0: Called Strike
0-1: DOUBLE (Line Drive, 7LM)
Sean Angwin scores
Batting: RHB Pablo León 0-0: Ball
1-0: Ball
2-0: Called Strike
2-1: Swinging Strike
2-2: Ball
3-2: Reached on error, E6 (Groundball, 6M)
Javier Rivera to third
Batting: SHB Mike Barton 0-0: Ball
1-0: Ball
2-0: Ball
3-0: Base on Balls
Pablo León to second
Batting: RHB Bill Childers 0-0: Called Strike
0-1: Ball
1-1: Ground out 5-3 (Groundball, 5)
Bottom of the 8th over - 1 run(s), 2 hit(s), 1 error(s), 3 left on base; Phoenix 7 - Pure Michigan 3
TOP OF THE 9TH
Phoenix Hotspur Reserves batting - Pitching for Pure Michigan Great Lakers : RHP Juan Villanueva
Pitching: RHP Jim Unknown
Batting: RHB Shohei Kiyomizu 0-0: Foul Ball, location: 2F
0-1: Ball
1-1: Ball
2-1: Swinging Strike
2-2: Ball
3-2: Ground out 4-3 (Groundball, 4M)
Batting: RHB Satoshi Terada 0-0: Called Strike
0-1: Ball
1-1: Ball
2-1: DOUBLE (Line Drive, 7LS)
Batting: RHB Al Thomas 0-0: Ball
1-0: Foul Ball, location: 2F
1-1: SINGLE (Groundball, 4MD)
Satoshi Terada to third
Runner from 3rd tries for Home, throw and OUT!
Batting: RHB Júlio Mateo 0-0: Called Strike
0-1: Foul Ball, location: 2F
0-2: Strikes out looking
Top of the 9th over - 0 run(s), 2 hit(s), 0 error(s), 1 left on base; Phoenix 7 - Pure Michigan 3
BOTTOM OF THE 9TH
Pure Michigan Great Lakers batting - Pitching for Phoenix Hotspur Reserves : LHP Doug Ferguson
Batting: RHB Jim Unknown 0-0: Ball
1-0: Foul Ball, location: 2F
1-1: Fly out, F9 (Flyball, 9S)
Batting: RHB Bartolo Benítez 0-0: Ball
1-0: Called Strike
1-1: Fly out, F9 (Flyball, 9LS)
Batting: LHB Sean Angwin 0-0: Ball
1-0: DOUBLE (Flyball, 89D)
Batting: RHB Lonnie Conrad 0-0: Ball
1-0: Ball
2-0: Foul Ball, location: 2F
2-1: SINGLE (Groundball, 5L)
Sean Angwin to third
Runner from 3rd tries for Home, SAFE, no throw or cutoff
Pitching: LHP Raúl Gonzáles
Batting: LHB Mario Cruz 0-0: Called Strike
0-1: Ball
1-1: Ball
2-1: Ground out U3 (Groundball, 3S)
Bottom of the 9th over - 1 run(s), 2 hit(s), 0 error(s), 1 left on base; Phoenix 7 - Pure Michigan 4
This league is powered by Out of the Park Baseball, the baseball management simulation game for PC, Mac and Linux
Monday, October 3rd, 2016 - OOTP Baseball 16.9 Build 39